 Dungeon Crawl Stone Soup version 0.31-a0-549-gf98fd537a9 (webtiles) character file.

Game seed: 4870973006120090240

44225 AdnanSaban the Basher (level 14, -12/90 HPs)
             Began as a Gargoyle Fighter on Aug 16, 2023.
             Was the Champion of Okawaru.
             Mangled by a death yak (13 damage)
             ... on level 1 of the Lair of Beasts.
             The game lasted 00:27:44 (18715 turns).

AdnanSaban the Basher (Gargoyle Fighter)           Turns: 18715, Time: 00:27:44

Health: -12/90     AC: 44    Str: 28    XL:     14   Next: 27%
Magic:  16/18      EV: 10    Int: 13    God:    Okawaru [******]
Gold:   1017       SH: 13    Dex:  9    Spells: 13/13 levels left

rFire   + . .        X - +1 eveningstar (venom)
rCold   + . .        x - +0 kite shield
rNeg    + . .        L - +6 plate armour of Loss {+Blink rF+ rC+}
rPois   ∞            T - +0 hat of the Skiapode {Str+3 Int+4}
rElec   +            O - +1 cloak {Will+}
rCorr   .            b - +0 pair of gloves
SInv    .            G - +0 pair of boots
Will    +++..        A - amulet of the acrobat Stlth
                     q - ring of willpower
HPRegen 0.35/turn    E - +4 ring of protection
MPRegen 0.16/turn

%: acrobat
@: heroic, flying
A: sickness immunity, AC +10, big wings, negative energy resistance 1,
electricity resistance, torment resistance 1, petrification resistance
a: Renounce Religion, Evoke Blink, Heroism, Finesse, Duel


You were on level 1 of the Lair of Beasts.
You worshipped Okawaru.
Okawaru was exalted by your worship.
You visited 3 branches of the dungeon, and saw 15 of its levels.
You also visited: Ice Cave.

You collected 1017 gold pieces.

Inventory:

Hand Weapons
 X - a +1 eveningstar of venom (weapon)
Missiles
 r - 12 boomerangs
 v - 12 poisoned darts (quivered)
 M - 5 silver javelins
Armour
 b - a +0 pair of gloves (worn)
 x - a +0 kite shield (worn)
 G - a +0 pair of boots (worn)
 L - the +6 plate armour of Loss (worn) {+Blink rF+ rC+}
   (You found it on level 10 of the Dungeon)

   rF+:       It protects you from fire.
   rC+:       It protects you from cold.
   +Blink:    It lets you blink.
 O - a +1 cloak of willpower (worn)
 T - the +0 hat of the Skiapode (worn) {Str+3 Int+4}
   (Okawaru gifted it to you on level 11 of the Dungeon)

   Str+3:     It affects your strength (+3).
   Int+4:     It affects your intelligence (+4).
Jewellery
 q - a ring of willpower (left hand)
 A - an amulet of the acrobat (around neck)
 E - a +4 ring of protection (right hand)
 Q - the ring "Remar" {Contam rPois EV+5 Dex+8 Stlth+}
   (You found it on level 11 of the Dungeon)

   [ring of evasion]

   EV+5:      It affects your evasion (+5).
   Dex+8:     It affects your dexterity (+8).
   rPois:     It protects you from poison Contam: It causes magical
   contamination when unequipped.
   Stlth+:    It makes you more stealthy.
 V - a ring of protection from cold
Wands
 u - a wand of flame (41)
 H - a wand of roots (2)
 J - a wand of paralysis (21)
 U - a wand of light (5)
 W - a wand of mindburst (6)
Scrolls
 e - 4 scrolls of teleportation {unknown}
 f - a scroll of enchant armour {unknown}
 g - 4 scrolls of noise {unknown}
 h - 6 scrolls of fog {unknown}
 i - 3 scrolls of fear {unknown}
 j - 4 scrolls of revelation {unknown}
 k - 8 scrolls of identify {unknown}
 t - 2 scrolls of vulnerability {unknown}
 w - 5 scrolls of enchant weapon {unknown}
 y - 2 scrolls of immolation {unknown}
 B - a scroll of brand weapon {unknown}
 D - a scroll of acquirement {unknown}
 F - 2 scrolls of poison {unknown}
 I - a scroll of blinking {unknown}
 K - a scroll of torment {unknown}
 P - 2 scrolls of silence {unknown}
 Y - a scroll of summoning {unknown}
Potions
 c - 2 potions of attraction {unknown}
 d - a potion of might
 l - a potion of ambrosia {unknown}
 m - 3 potions of enlightenment {unknown}
 n - 6 potions of heal wounds {unknown}
 o - 4 potions of haste {unknown}
 p - 10 potions of curing {unknown}
 s - 4 potions of mutation {unknown}
 z - a potion of magic {unknown}
 C - 2 potions of lignification {unknown}
 N - a potion of berserk rage {unknown}
 R - a potion of degeneration {unknown}


   Skills:
 + Level 11.3(16.3) Fighting
 + Level 14.8(19.8) Maces & Flails
 + Level 2.6(7.6) Throwing
 + Level 11.8(16.8) Armour
 + Level 4.1(9.1) Dodging
 + Level 2.2(7.2) Stealth
 + Level 12.2(17.2) Shields
 * Level 6.3 Invocations


You had 13 spell levels left.
You didn't know any spells.
Your spell library contained the following spells:

 Spells                   Type           Power      Damage    Failure   Level
 Freeze                   Ice            0%         1d3       91%         1
 Ensorcelled Hibernation  Hex/Ice        0%         N/A       97%         2
 Frozen Ramparts          Ice            0%         1d1       100%        3
 Gell's Gravitas          Tloc           0%         N/A       100%        3
 Hailstorm                Conj/Ice       0%         3d3       100%        3
 Teleport Other           Tloc           0%         N/A       100%        3
 Anguish                  Hex/Necr       0%         N/A       100%        4
 Manifold Assault         Tloc           0%         N/A       100%        4
 Borgnjor's Vile Clutch   Necr/Erth      0%         N/A       100%        5
 Freezing Cloud           Conj/Ice/Air   0%         6-21      100%        5
 Dispersal                Tloc           0%         N/A       100%        6
 Disjunction              Tloc           0%         N/A       100%        8
 Animate Dead             Necr           Unusable   N/A       N/A         4
 Death Channel            Necr           Unusable   N/A       N/A         6
 Simulacrum               Ice/Necr       Unusable   N/A       N/A         6

Dungeon Overview and Level Annotations

Branches:
Dungeon (13/15)            Temple (1/1) D:5            Lair (1/5) D:10
    Orc (0/2) D:9           IceCv (visited)
 Vaults: D:13-14

Altars:
Ashenzari
Cheibriados
Dithmenos
Elyvilon
Fedhas
Gozag
Hepliaklqana
Kikubaaqudgha
Makhleb
Nemelex Xobeh
Okawaru
Qazlal
Ru
Sif Muna
Trog
Uskayaw
Vehumet
Wu Jian
Xom
Yredelemnul
Zin
The Shining One

Portals:
Trove: D:12 (give 9 potions of haste)

Annotations:
D:10 2 transporters, exclusion: ice statue, Morbidden's ghost, novice FoHu


Innate Abilities, Weirdness & Mutations

You are immune to sickness and miasma.
Your stone body is resilient. (AC +10)
You are immune to poison.
Your large and strong wings let you fly.
You resist negative energy. (rN+)
You are resistant to electric shocks. (rElec)
You are resistant to unholy torment.
You are immune to petrification.


Message History

The eight-headed hydra barely misses you.
The eight-headed hydra bites you but does no damage.
The eight-headed hydra bites you. x2
The eight-headed hydra bites you but does no damage.
The komodo dragon bites you.
* * * LOW HITPOINT WARNING * * *
You barely miss the death yak.
The death yak is heavily wounded.
The death yak closely misses you.
You block the eight-headed hydra's attack.
The eight-headed hydra bites you.
* * * LOW HITPOINT WARNING * * *
The eight-headed hydra completely misses you.
You block the eight-headed hydra's attack.
The eight-headed hydra barely misses you.
The eight-headed hydra closely misses you.
The eight-headed hydra barely misses you.
The eight-headed hydra closely misses you.
The komodo dragon bites you!!
* * * LOW HITPOINT WARNING * * *
You gain the combat prowess of a mighty hero.
The death yak closely misses you.
The eight-headed hydra bites you but does no damage. x2
The eight-headed hydra closely misses you.
The eight-headed hydra bites you but does no damage.
You block the eight-headed hydra's attack. x2
The eight-headed hydra bites you but does no damage. x2
The komodo dragon closely misses you.
You puncture the death yak!
The death yak looks as sick as possible!
The death yak is severely wounded.
The eight-headed hydra bites you but does no damage.
The eight-headed hydra barely misses you.
You block the eight-headed hydra's attack.
The eight-headed hydra closely misses you.
The eight-headed hydra bites you but does no damage. x2
The eight-headed hydra barely misses you.
You block the eight-headed hydra's attack.
The death yak gores you!
You die...

.#.####..#.##.#
........#.#..#
..###.##.#.###
........#..# .
..##.###...# .##
.........#####..
.###+###.#.#.#.#######
.# #.##..#.#PY..P# .#
#.#...#.#@###.# .#
#..#.#..Dl#:+.# .#
#.#..##.#.###.# .#
#..#.##.#P...P#
.#######.##.#..#######
................
.....##P...>....
......#........[.
.>.....#........#


You could see a death yak (extremely poisoned), an eight-headed hydra and a
komodo dragon (poisoned).

Vanquished Creatures
  A frost giant (IceCv)
  A vault guard (D:12)
  A rakshasa (D:13)
  2 hydras (D:13)
  Fannar (D:12)
  A boulder beetle (D:13)
  2 centaur warriors
  2 catoblepae (Lair:1)
  4 two-headed ogres
  6 death yaks (IceCv)
  Nergalle (D:10)
  Lodul (D:11)
  Urug (D:11)
  Jeremiah (D:7)
  Pikel (D:5)
  A manticore (D:10)
  17 centaur zombies (D:11)
  A guardian serpent (shapeshifter) (D:12)
  A gargoyle (D:11)
  An ice statue (IceCv)
  A cane toad (Lair:1)
  2 komodo dragons (Lair:1)
  An unseen horror (D:11)
  A troll (D:9)
  11 polar bears (IceCv)
  Grinder (D:3)
  A meliai zombie (D:11)
  8 slime creatures
  26 yaks
  3 wyverns
  7 wraiths
  8 shadows
  A basilisk (Lair:1)
  7 vampires
  3 steam dragons
  A two-headed ogre zombie (D:9)
  3 vampire mosquitoes
  3 acid dragons
  5 water moccasins
  7 orc warriors
  A sky beast (D:8)
  An ice beast (D:8)
  15 wolves
  13 ogres
  13 centaurs
  A phantom (D:8)
  A kobold brigand (D:9)
  7 bullfrogs
  2 cane toad simulacra (Lair:1)
  Blork the orc (D:3)
  6 wights
  A troll zombie (D:9)
  12 killer bees
  9 howler monkeys
  5 hounds
  2 jellies (D:6)
  A gnoll bouda (D:7)
  12 orc priests
  3 sleepcaps
  A boggart zombie (D:11)
  4 iguanas
  7 orc wizards
  A polar bear simulacrum (Lair:1)
  6 ogre zombies (D:9)
  12 gnolls
  5 adders
  8 shadow imps
  4 white imps
  An ufetubus (D:5)
  A worm (D:2)
  2 dart slugs
  52 orcs
  8 ball pythons
  7 bats
  6 endoplasms
  3 giant cockroaches
  12 hobgoblins
  5 jackals
  5 quokkas
  5 frilled lizards
  5 goblins
  A goblin skeleton (D:9)
  3 goblin zombies (D:9)
  A hobgoblin skeleton (D:9)
  A hobgoblin zombie (D:9)
  8 kobolds
  4 orc skeletons (D:9)
  15 orc zombies (D:9)
  9 rats
455 creatures vanquished.

Notes
Turn   | Place    | Note
-------+----------+-------------------------------------------
     0 | D:1      | AdnanSaban the Gargoyle Fighter began the quest for the
                  | Orb.
     0 | D:1      | Reached XP level 1. HP: 14/14 MP: 1/1
    86 | D:1      | Reached XP level 2. HP: 19/19 MP: 2/2
   150 | D:1      | Reached XP level 3. HP: 18/23 MP: 3/3
   957 | D:2      | Found a glowing silver altar of Zin.
  1098 | D:2      | Found a faded altar of an unknown god.
  1113 | D:2      | Reached XP level 4. HP: 25/29 MP: 4/4
  1350 | D:2      | Reached skill level 3 in Maces & Flails
  1780 | D:3      | Noticed Grinder
  1787 | D:3      | Paralysed by Grinder for 4 turns
  1801 | D:3      | Killed Grinder
  1802 | D:3      | Reached skill level 4 in Maces & Flails
  1802 | D:3      | Reached XP level 5. HP: 5/33 MP: 5/5
  1802 | D:3      | Reached XP level 6. HP: 6/38 MP: 6/6
  2054 | D:3      | Reached skill level 5 in Maces & Flails
  2239 | D:4      | Noticed Blork the orc
  2254 | D:3      | Killed Blork the orc
  2374 | D:4      | Reached XP level 7. HP: 41/44 MP: 7/7
  2999 | D:5      | Entered Level 5 of the Dungeon
  3118 | D:5      | Reached skill level 6 in Maces & Flails
  3372 | D:5      | Reached skill level 5 in Armour
  3389 | D:4      | Reached skill level 1 in Dodging
  3538 | D:5      | Reached XP level 8. HP: 48/48 MP: 8/8
  3578 | D:5      | Reached skill level 7 in Maces & Flails
  3633 | D:5      | Reached skill level 5 in Fighting
  3703 | D:5      | Noticed Pikel
  3734 | D:5      | Killed Pikel
  3735 | D:5      | Reached skill level 8 in Maces & Flails
  3735 | D:5      | Reached skill level 5 in Shields
  3735 | D:5      | Reached XP level 9. HP: 44/54 MP: 9/9
  3988 | D:5      | Identified the +0 ring mail of the Spider Nest {Dex+3
                  | Stlth+}
  4074 | D:5      | Found a staircase to the Ecumenical Temple.
  4214 | Temple   | Entered the Ecumenical Temple
  4228 | Temple   | Became a worshipper of Warmaster Okawaru
  4878 | D:6      | Reached skill level 1 in Stealth
  5725 | D:7      | Reached * piety under Okawaru
  5726 | D:7      | Reached skill level 9 in Maces & Flails
  6273 | D:7      | Found a glowing golden altar of the Shining One.
  6286 | D:7      | Noticed Jeremiah
  6370 | D:8      | Reached XP level 10. HP: 28/61 MP: 10/10
  6372 | D:8      | Reached ** piety under Okawaru
  6755 | D:8      | Reached skill level 10 in Maces & Flails
  7352 | D:9      | Found a staircase to the Orcish Mines.
  7381 | D:8      | Reached *** piety under Okawaru
  7927 | D:9      | Identified the +6 hand axe of Certain Death {drain, Dex+4}
  8367 | D:9      | Reached skill level 11 in Maces & Flails
  9016 | D:10     | Entered Level 10 of the Dungeon
  9016 | D:10     | Found a transporter.
  9066 | D:10     | Found a transporter.
  9073 | D:10     | Noticed an ice statue
  9079 | D:10     | Noticed a centaur warrior
  9086 | D:10     | Reached **** piety under Okawaru
  9109 | D:10     | Noticed a wizard
  9112 | D:10     | Noticed Morbidden's ghost (novice FoHu)
  9123 | D:10     | Noticed a two-headed ogre
  9135 | D:10     | Killed a two-headed ogre
  9136 | D:10     | Reached XP level 11. HP: 58/67 MP: 11/11
 10125 | D:10     | Identified the +6 plate armour of Loss {+Blink rF+ rC+}
 10192 | D:10     | Noticed Nergalle
 10294 | D:10     | Killed Nergalle
 10458 | D:10     | Found a staircase to the Lair.
 10697 | D:11     | Noticed a centaur warrior
 10698 | D:11     | Noticed a manticore
 10792 | D:11     | HP: 2/68 [barbs]
 11041 | D:10     | Killed a manticore
 11041 | D:10     | Reached ***** piety under Okawaru
 11057 | D:11     | Noticed a two-headed ogre
 11127 | D:10     | Killed a two-headed ogre
 11128 | D:10     | Reached skill level 12 in Maces & Flails
 11291 | D:11     | Reached skill level 1 in Throwing
 11327 | D:11     | Killed a centaur warrior
 11327 | D:11     | Received a gift from Okawaru
 11514 | D:11     | Received a gift from Okawaru
 11722 | D:11     | Reached XP level 12. HP: 64/75 MP: 12/12
 12092 | D:11     | Reached skill level 10 in Armour
 12118 | D:11     | Reached ****** piety under Okawaru
 12119 | D:11     | Reached skill level 10 in Shields
 12148 | D:11     | Received a gift from Okawaru
 12158 | D:11     | Reached skill level 13 in Maces & Flails
 12904 | D:11     | Identified the ring "Remar" {Contam rPois EV+5 Dex+8
                  | Stlth+}
 12942 | D:11     | Identified the +3 rapier of a Thousand Xenops {drain, rPois
                  | Int-4 Dex+5}
 13103 | D:12     | Reached skill level 1 in Invocations
 13584 | D:12     | Noticed Lodul
 13627 | D:11     | Killed Lodul
 13811 | D:12     | Noticed Fannar
 13834 | D:12     | Noticed Urug
 13861 | D:11     | Killed Urug
 13945 | D:12     | Killed Fannar
 13946 | D:12     | Reached XP level 13. HP: 62/82 MP: 13/15
 14105 | D:11     | Identified the +0 hat of the Skiapode {Str+3 Int+4}
                  | (Okawaru gifted it to you on level 11 of the Dungeon)
 14105 | D:11     | Received a gift from Okawaru
 14106 | D:11     | Reached skill level 10 in Fighting
 14288 | D:12     | Noticed a vault guard
 14308 | D:12     | Killed a vault guard
 14551 | D:12     | Found a portal to a secret trove of treasure.
 15073 | D:13     | Noticed a rakshasa
 15551 | D:13     | Killed a rakshasa
 15845 | D:13     | Reached skill level 14 in Maces & Flails
 16742 | D:7      | Killed Jeremiah
 17023 | Lair:1   | Entered Level 1 of the Lair of Beasts
 17167 | Lair:1   | Found a frozen archway.
 17183 | IceCv    | Entered an ice cave
 17603 | IceCv    | Reached skill level 5 in Invocations
 17633 | IceCv    | Received a gift from Okawaru
 17938 | IceCv    | Gained mutation: Your large and strong wings let you fly.
                  | [Gargoyle growth]
 17938 | IceCv    | Reached XP level 14. HP: 82/88 MP: 18/18
 18075 | IceCv    | Noticed a frost giant
 18104 | IceCv    | Killed a frost giant
 18116 | IceCv    | Received a gift from Okawaru
 18140 | IceCv    | Got the Incunable of the Serac
 18713 | Lair:1   | HP: 1/90 [komodo dragon (20)]
 18715 | Lair:1   | Mangled by a death yak

Illustrated notes

Levels and vault maps discovered:
D:1:      nzn_arrival_settlement, layout_basic, minivault_27, minmay_octomino_e4
D:2:      layout_basic, basic_altar, shapermc_ecumenical_altar_starsandcircs
D:3:      layout_rooms, uniq_grinder
D:4:      layout_loops_ring, uniq_blork_the_orc
D:5:      layout_basic, minmay_temple_entry_enclosed_plants, uniq_pikel
D:6:      layout_gridville, grunt_decor_clamped, feat_on_display
D:7:      layout_basic, mainiacjoe_overflow_concentric_impassable, uniq_jeremiah
D:8:      layout_cave_pools, serial_demonic, serial_demonic_f, serial_demonic_e,
          serial_demonic_c, serial_demonic_a, serial_demonic_d,
          serial_demonic_b, serial_demonic_c, serial_demonic_c,
          minmay_fractal_squares_5
D:9:      kennysheep_blocky_hall, layout_loops_cross, zombieorc2_lemuel,
          kennysheep_cross_bottleneck
D:10:     layout_roguey [special_room_orc], lair_entry_dummy, nzn_ghost_randoct,
          eino_tiny_chamber, kennysheep_generic_room_6, uniq_nergalle
D:11:     layout_cave_pools, serial_undead, serial_undead_a, serial_undead_c,
          serial_undead_a, serial_undead_a, serial_undead_a, serial_undead_e,
          serial_undead_f, serial_undead_c, serial_undead_a, serial_undead_c
D:12:     layout_long_grid, enter_trove_5, uniq_lodul, uniq_urug, uniq_fannar
D:13:     layout_stronghold
Temple:   roderic_octagonal_lattice_temple
Lair:1:   layout_hall_layers, portal_ice_cave_entry_ice_simulacra,
          cheibrodos_lair_caveside_slide, minmay_shattered_shrine,
          lemuel_fruit_tree

Skill      XL: |  1  2  3  4  5  6  7  8  9 10 11 12 13 14 |
---------------+-------------------------------------------+-----
Armour         | 4 5 6 7 8 9 10 11 | 11.8
Maces & Flails | 4 5 6 8 9 11 12 13 14 | 14.8
Fighting       | 4 5 6 7 8 9 10 11 | 11.3
Shields        | 4 5 6 7 9 10 12 | 12.2
Dodging        | 1 2 3 4 |  4.1
Stealth        | 1 2 |  2.2
Throwing       | 1 2 |  2.6
Invocations    | 2 5 6 |  6.3

Action                     |  1- 3 |  4- 6 |  7- 9 | 10-12 | 13-15 || total
---------------------------+-------+-------+-------+-------+-------++-------
  Melee: Flail             |   113 |    67 |   243 |  1098 |   425 ||  1946
         Mace              |       |    34 |    44 |       |       ||    78
         Whip              |       |       |    59 |       |       ||    59
         Eveningstar       |       |       |       |       |   171 ||   171
  Throw: Dart              |       |       |       |    31 |    21 ||    52
         Boomerang         |       |       |       |     4 |       ||     4
 Invoke: Heroism           |       |       |       |     1 |     2 ||     3
 Armour: Scale mail        |    73 |    56 |   138 |   126 |       ||   393
         Chain mail        |       |       |       |    41 |       ||    41
         Plate armour      |       |       |       |   826 |   392 ||  1218
  Dodge: Dodged            |    75 |    51 |   139 |   459 |   256 ||   980
  Block: Buckler           |    27 |    24 |    36 |       |       ||    87
         Kite shield       |       |       |    54 |   617 |   345 ||  1016

Table legend: (Time is in decaauts)
 A = Elapsed time spent in this place.
 B = Non-inter-level travel time spent in this place.
 C = Inter-level travel time spent in this place.
 D = Time resting spent in this place.
 E = Time spent auto-exploring this place.
 F = Levels seen in this place.
 G = Mean time per level.
                   A        B        C        D        E       F      G
               +--------+--------+--------+--------+--------+-----+--------+
         Total |  18617 |  17691 |    926 |   1537 |  11944 |  16 | 1163.6 |
       Dungeon |  16971 |  16071 |    900 |   1537 |  10909 |  13 | 1305.5 |
        Temple |     28 |      2 |     26 |      0 |      0 |   1 |   28.0 |
          Lair |    374 |    374 |      0 |      0 |    236 |   1 |  374.0 |
      Ice Cave |   1243 |   1243 |      0 |      0 |    799 |   1 | 1243.0 |
               +--------+--------+--------+--------+--------+-----+--------+

Top non-repeatable levels by time:
    D:10: 2247 daAuts
    D:11: 1889 daAuts
    D:12: 1573 daAuts
     D:9: 1521 daAuts
     D:8: 1400 daAuts
    D:13: 1390 daAuts
     D:5: 1382 daAuts
     D:7: 1272 daAuts
   IceCv: 1243 daAuts
     D:6: 1161 daAuts
     D:1: 960 daAuts
     D:4: 826 daAuts
     D:2: 773 daAuts
     D:3: 573 daAuts
  Lair:1: 374 daAuts
